 Dungeon Crawl Stone Soup version 0.20-a0-809-gaf7f668 (webtiles) character file.

57 w00t the Digger (level 4, -3/24 HPs)
             Began as a Gargoyle Earth Elementalist on Mar 4, 2017.
             Slain by Sigmund
             ... wielding a +4 scythe of freezing
              (9 damage)
             ... on level 2 of the Dungeon.
             The game lasted 00:01:34 (1112 turns).

w00t the Digger (Gargoyle Earth Elementalist)       Turns: 1112, Time: 00:01:35

Health: -3/24      AC:  5    Str: 11    XL:     4   Next: 0%
Magic:  2/7        EV: 12    Int: 17    God:
Gold:   108        SH:  0    Dex: 10    Spells: 4/7 levels left

rFire    . . .     SeeInvis .   j - +0 short sword
rCold    . . .     Gourm    .   c - +0 robe
rNeg     + . .     Faith    .   (no shield)
rPois    ∞         Spirit   .   (no helmet)
rElec    +         Reflect  .   (no cloak)
rCorr    .         Harm     .   (no gloves)
MR       .....                  (no boots)
Stlth    ++........             (no amulet)
Regen    0.1/turn               (no ring)
MPRegen  0.1/turn               m - ring of wizardry {Wiz+, !d}

@: no status effects
A: negative energy resistance 1, electricity resistance, unbreathing,
petrification resistance, rot immunity, AC +3
a: no special abilities


You were on level 2 of the Dungeon.
You were not hungry.

You visited 1 branch of the dungeon, and saw 2 of its levels.

You collected 108 gold pieces.

Inventory:

Hand Weapons
 j - a +0 short sword (weapon)
Missiles
 b - 12 stones (quivered)
Armour
 c - a +0 robe (worn)
Jewellery
 m - a ring of wizardry (left hand) {Wiz+, !d}
Scrolls
 f - a scroll of noise {unknown}
 h - a scroll of remove curse {unknown}
 i - a scroll of teleportation {unknown}
 k - 2 scrolls of enchant armour {unknown}
 l - a scroll of fear {unknown}
Potions
 o - a potion of curing {@q1}
 p - 2 potions of haste {unknown}
 q - a potion of heal wounds {unknown}
Books
 e - a book of Geomancy

   Spells                             Type                      Level
   a - Sandblast                      Earth                        1
   b - Passwall                       Transmutation/Earth          2
   c - Stone Arrow                    Conjuration/Earth            3
   d - Petrify                        Transmutation/Earth          4
   e - Lee's Rapid Deconstruction     Earth                        5
Comestibles
 a - 16 chunks of flesh
 d - a bread ration
 g - a royal jelly
 n - a meat ration


   Skills:
 - Level 1.5 Dodging
 - Level 2.1 Stealth
 - Level 2.0 Spellcasting
 - Level 0.7 Transmutations
 + Level 5.7 Earth Magic


You had 4 spell levels left.
You knew the following spells:

 Your Spells              Type           Power        Failure   Level  Hunger
a - Sandblast             Erth           ###...       1%          1    #......
w - Passwall              Tmut/Erth      ##........   4%          2    ###....


Dungeon Overview and Level Annotations

Branches:
Dungeon (2/15)

Altars:

Annotations:
D:2 Sigmund


Innate Abilities, Weirdness & Mutations

You are resistant to torment.
Your stone body is resilient. (AC +3)
You are immune to poison.
You resist negative energy. (rN+)
You are resistant to electric shocks. (rElec)
You can survive without breathing.
You are immune to petrification.
You are immune to rotting.


Message History

b - 14 stones Sigmund barely misses you.
Casting: Sandblast
Confirm with . or Enter, or press ? or * to list all spells.
Aiming: Sandblast
Press: ? - help, Shift-Dir - straight line, f/p - Sigmund
Aim: Sigmund, wielding a scythe of freezing and wearing an embroidered robe (moderately wounded)
The blast of sand hits Sigmund.
Sigmund is severely wounded.
b - 13 stones
Casting: Sandblast
Confirm with . or Enter, or press ? or * to list all spells.
Aiming: Sandblast
Press: ? - help, Shift-Dir - straight line, f/p - Sigmund
Aim: Sigmund, wielding a scythe of freezing and wearing an embroidered robe (severely wounded)
The blast of sand hits Sigmund.
Sigmund is almost dead.
b - 12 stones Sigmund hits you from afar with a scythe of freezing!
You die...

#.......# #.......# ..
#.####### ... #.#
##########... #.#
............. #.#
...........# # #.#
...........# ####.# #.#
...........####.@.@# #.#
...........#......)# #.#
...........#.......# #.#
...........#.......# #.#
........[..#......## #.#
...............#### #.#
...........#############.#
...............#.........#
#####.....####.#.#########


You could see Sigmund.

Vanquished Creatures
  Ijyb (D:2)
  An adder (D:2)
  A dart slug (D:2)
  A ball python (D:1)
  2 giant cockroaches (D:1)
  2 goblins
  5 hobgoblins
  3 jackals (D:2)
  A bat (D:1)
  A frilled lizard (D:1)
  A kobold (D:1)
  A rat (D:2)
20 creatures vanquished.

Notes
Turn   | Place    | Note
-------+----------+-------------------------------------------
     0 | D:1      | w00t the Gargoyle Earth Elementalist began the quest for the Orb.
     0 | D:1      | Reached XP level 1. HP: 10/10 MP: 3/3
   130 | D:1      | Reached skill level 4 in Earth Magic
   358 | D:1      | Reached XP level 2. HP: 10/15 MP: 0/5
   632 | D:1      | Learned a level 2 spell: Passwall
   770 | D:2      | Noticed Ijyb
   777 | D:2      | Killed Ijyb
   777 | D:2      | Reached skill level 5 in Earth Magic
   777 | D:2      | Reached XP level 3. HP: 19/19 MP: 1/6
  1028 | D:2      | Reached XP level 4. HP: 24/24 MP: 4/7
  1102 | D:2      | Noticed Sigmund
  1112 | D:2      | Slain by Sigmund

Vault maps used:
D:1:      minmay_arrival_pointy
D:2:      kennysheep_generic_room_15, uniq_terence, uniq_sigmund, uniq_iyjb

Skill      XL: |  1  2 |
---------------+-------+-----
Earth Magic    | 4 5 |  5.7
Dodging        | |  1.5
Stealth        | |  2.1
Spellcasting   | |  2.0
Transmutations | |  0.7

Action                   |  1- 3 |  4- 6 || total
-------------------------+-------+-------++-------
Melee: Short sword       |     8 |       ||     8
Throw: Stone             |     2 |       ||     2
 Cast: Sandblast         |    26 |     6 ||    32
  Eat: Chunk             |     1 |       ||     1
Armor: Robe              |     2 |       ||     2
Dodge: Dodged            |     7 |     1 ||     8
